 Dungeon Crawl Stone Soup version 0.28-a0-1190-g77e1c55843 (webtiles) character file.

Game seed: 9217426272011714817

43 SmokeWeed the Sneak (level 3, -2/24 HPs)
             Began as an Octopode Brigand on Dec 18, 2021.
             Slain by a kobold (3 damage)
             ... on level 2 of the Dungeon.
             The game lasted 00:02:35 (1607 turns).

SmokeWeed the Sneak (Octopode Brigand)              Turns: 1607, Time: 00:02:35

Health: -2/24      AC:  1    Str: 10    XL:     3   Next: 58%
Magic:  3/3        EV: 13    Int: 15    God:
Gold:   37         SH:  0    Dex: 13    Spells: 2/2 levels left

rFire   . . .      SeeInvis +   k - +4 dagger (venom)
rCold   . . .      Faith    .   (no shield)
rNeg    . . .      Spirit   .   (helmet restricted)
rPois   .          Reflect  .   (no amulet)
rElec   .          Harm     .   i - ring of see invisible
rCorr   +          Rampage  .   j - ring of resist corrosion
Will    .....                   (no ring)
Stlth   ++++......              (no ring)
HPRegen 0.08/turn               (no ring)
MPRegen 0.08/turn               (no ring)
                                (no ring)
                                (no ring)

@: lethally poisoned (-2 -> -18)
A: almost no armour, amphibious, 8 rings, camouflage 1, gelatinous body 1,
(nimble swimmer 1), tentacles
a: no special abilities


You were on level 2 of the Dungeon.
You visited 1 branch of the dungeon, and saw 2 of its levels.

You collected 37 gold pieces.

Inventory:

Hand Weapons
 a - a +2 dagger
 h - a +2 dagger of speed
 k - a +4 dagger of venom (weapon)
Missiles
 b - 24 poisoned darts
 c - 2 curare-tipped darts
 d - 17 stones (quivered)
 e - 17 arrows
Jewellery
 i - a ring of see invisible (left tentacle)
 j - a ring of resist corrosion (right tentacle)
Scrolls
 l - a scroll of teleportation {unknown}
Potions
 f - 2 potions of flight {unknown}
 g - a potion of lignification {unknown}


   Skills:
 + Level 2.2 Fighting
 + Level 2.1 Short Blades
 + Level 2.4 Throwing
 + Level 1.2 Dodging
 + Level 6.4 Stealth


You had 2 spell levels left.
You didn't know any spells.
Your spell library was empty.

Dungeon Overview and Level Annotations

Branches:
Dungeon (2/15)

Altars:


Innate Abilities, Weirdness & Mutations

You cannot wear most types of armour.
You are amphibious.
You can wear up to eight rings at the same time.
Your skin changes colour to match your surroundings (Stealth+).
Your rubbery body absorbs attacks. (AC +1, EV +1)
((You are camouflaged near water. (Stealth+)))
You have tentacles for arms and can constrict up to eight enemies at once.


Message History

You miss the goblin. You grab the goblin. You squeeze the goblin.
You kill the goblin!
A kobold comes into view. It is wielding a +2 dagger of venom.
The worm bites you.
You hit the worm.
The worm is poisoned.
Your grab misses the worm. You squeeze the worm.
The worm is moderately wounded.
The worm bites you but does no damage.
You hit the worm. You grab the worm.
The worm is moderately wounded.
You constrict the worm, but do no damage.
The kobold throws a stone.
The stone hits you.
You hit the worm but do no damage.
The worm looks even sicker.
You squeeze the worm.
The worm is severely wounded.
You constrict the worm. The worm misses you.
You hit the worm.
You kill the worm!
A quokka comes into view.
The kobold hits you with a +2 dagger of venom.
You are poisoned.
You hit the kobold.
The kobold is poisoned.
Your grab misses the kobold.
The kobold is heavily wounded.
You feel very sick.
The kobold hits you with a +2 dagger of venom.
You are more poisoned.
You are too injured to fight recklessly!
You are too injured to fight recklessly!
You hit the kobold but do no damage.
The kobold looks as sick as possible!
Your grab misses the kobold.
You squeeze the kobold, but do no damage.
The kobold is heavily wounded.
* * * LOW HITPOINT WARNING * * *
You feel very sick.
You miss the kobold. Your grab misses the kobold.
The kobold is severely wounded.
* * * LOW HITPOINT WARNING * * *
You feel very sick.
The kobold hits you with a +2 dagger of venom.
You die...

.. ........... . .
#. #....... .....
##..##.....##.#..##
.................. #
#....)# ... ..
###.###.....##.#....
....................
.......<.....#.#..##
###.##.....@.# .. ..
.......K.......
##.##............##
.. .........#......
## ##..............
..............r
.........#.#.##
..............


You could see a quokka (asleep) and a kobold (extremely poisoned).

Vanquished Creatures
  A worm (D:2)
  A dart slug (D:1)
  2 bats (D:1)
  2 endoplasms (D:1)
  2 giant cockroaches (D:1)
  3 goblins
  2 hobgoblins (D:1)
  10 jackals (D:1)
  A kobold (D:1)
  2 quokkas (D:1)
  2 ball pythons
  4 rats (D:1)
32 creatures vanquished.

Vanquished Creatures (others)
  A plant (D:1)
1 creature vanquished.

Grand Total: 33 creatures vanquished

Notes
Turn   | Place    | Note
-------+----------+-------------------------------------------
     0 | D:1      | SmokeWeed the Octopode Brigand began the quest for the Orb.
     0 | D:1      | Reached XP level 1. HP: 14/14 MP: 1/1
   348 | D:1      | Reached XP level 2. HP: 9/19 MP: 2/2
   350 | D:1      | Reached skill level 6 in Stealth
   845 | D:1      | Reached XP level 3. HP: 24/24 MP: 3/3
  1040 | D:1      | Found a faded altar of an unknown god.
  1607 | D:2      | HP: 1/24 [poisoned by a kobold]
  1607 | D:2      | Slain by a kobold

Illustrated notes

Levels and vault maps discovered:
D:1:      onia_arrival_mini_maze, layout_basic, chequers_ecumenical_altar_grove
D:2:      layout_basic, amcnicky_mini_corridor_feature

Skill      XL: |  1  2 |
---------------+-------+-----
Stealth        | 6 |  6.4
Fighting       | |  2.2
Short Blades   | |  2.1
Throwing       | |  2.4
Dodging        | |  1.2

Action                   || total
-------------------------++-------
Melee: Dagger            ||    62
       Constrict         ||    14
       Tentacles         ||    14
Throw: Dart              ||    11
       Stone             ||     3
 Stab: Sleeping          ||     9
Armor: Skin              ||     3
Dodge: Dodged            ||    31

Table legend: (Time is in decaauts)
 A = Elapsed time spent in this place.
 B = Non-inter-level travel time spent in this place.
 C = Inter-level travel time spent in this place.
 D = Time resting spent in this place.
 E = Time spent auto-exploring this place.
 F = Levels seen in this place.
 G = Mean time per level.
                   A        B        C        D        E       F      G
               +--------+--------+--------+--------+--------+-----+--------+
         Total |   1587 |   1477 |    110 |      0 |   1259 |   2 |  793.5 |
       Dungeon |   1587 |   1477 |    110 |      0 |   1259 |   2 |  793.5 |
               +--------+--------+--------+--------+--------+-----+--------+

Top non-repeatable levels by time:
     D:1: 1570 daAuts
     D:2: 16 daAuts
